 Dungeon Crawl Stone Soup version 0.29.0-4-gdea44cf6ec (webtiles) character file.

Game seed: 2368218772782562996

69 qw the Chopper (level 4, -2/26 HPs)
             Began as a Tengu Warper on Aug 28, 2022.
             Slain by a gnoll
             ... wielding a +0 spear
              (3 damage)
             ... on level 2 of the Dungeon.
             The game lasted 00:00:10 (1674 turns).

qw the Chopper (Tengu Warper)                       Turns: 1674, Time: 00:00:11

Health: -2/26      AC:  3    Str: 13    XL:     4   Next: 20%
Magic:  8/8        EV: 12    Int: 14    God:
Gold:   73         SH:  0    Dex: 19    Spells: 7/7 levels left

rFire   . . .      SeeInvis .   Y - +1 hand axe
rCold   . . .      Faith    .   (no shield)
rNeg    . . .      Spirit   .   b - +0 leather armour
rPois   .          Reflect  .   (helmet restricted)
rElec   .          Harm     .   (no cloak)
rCorr   .          Rampage  .   (no gloves)
Will    .....                   (boots unavailable)
Stlth   +.........              (no amulet)
HPRegen 0.08/turn               h - +6 ring of dexterity
MPRegen 0.11/turn               (no ring)

@: no status effects
A: beak, talons 3
a: no special abilities


You were on level 2 of the Dungeon.
You visited 1 branch of the dungeon, and saw 2 of its levels.

You collected 73 gold pieces.


Innate Abilities, Weirdness & Mutations

You have a beak for a mouth.
You have claws for feet.


   Skills:
 - Level 2.0 Fighting
 + Level 4.8 Axes
 - Level 1.0 Throwing
 - Level 1.1 Armour
 - Level 2.1 Dodging
 - Level 2.0 Spellcasting
 - Level 2.4 Translocations


You had 7 spell levels left.
You didn't know any spells.
Your spell library contained the following spells:

 Spells                   Type           Power      Damage    Failure   Level
 Blink                    Tloc           16%        N/A       17%         2
 Gell's Gravitas          Tloc           8%         N/A       34%         3
 Lesser Beckoning         Tloc           8%         N/A       34%         3
 Teleport Other           Tloc           8%         N/A       34%         3
 Manifold Assault         Tloc           8%         N/A       97%         5

Inventory:

Hand Weapons
 e - a +0 mace
 Y - a +1 hand axe (weapon)
Armour
 b - a +0 leather armour (worn)
 d - a +0 chain mail
Jewellery
 h - a +6 ring of dexterity (left hand)
Scrolls
 a - 2 scrolls of teleportation {unknown}
 c - a scroll of magic mapping {unknown}
 g - a scroll of butterflies {unknown}
Potions
 f - a potion of flight {unknown}

Dungeon Overview and Level Annotations

Branches:
Dungeon (2/15)

Altars:

Shops:
D:1 :


Message History

Enter note:
Enter note:
Enter note:
Enter note: You open the door.
There is an open door here. 3 gnolls come into view.
Enter note:
1561 ||| Stepping ~*~*~tactically~*~*~ (hiding).
There is an open door here.
You start waiting.
Done waiting.
The gnoll shouts!
1663 ||| Stepping ~*~*~tactically~*~*~ (stealth).
The gnoll attacks as you move away! The gnoll hits you with a +0 whip.
There is an open door here.
You completely miss the gnoll. Your peck misses the gnoll.
The gnoll hits you with a +0 whip.
1665 ||| Stepping ~*~*~tactically~*~*~ (stealth).
1666 ||| Stepping ~*~*~tactically~*~*~ (stealth).
You start resting.
A gnoll is nearby!
You hit the gnoll. You claw the gnoll, but do no damage.
The gnoll is lightly wounded.
The gnoll hits you with a +0 whip.
You hit the gnoll. You claw the gnoll! Your peck misses the gnoll.
The gnoll is almost dead.
The gnoll barely misses you.
The gnoll shouts!
You hit the gnoll but do no damage. Your peck misses the gnoll.
The gnoll is almost dead.
The gnoll hits you from afar with a +0 spear.
The gnoll closely misses you.
You hit the gnoll but do no damage. You peck the gnoll.
You kill the gnoll!
The gnoll barely misses you.
The gnoll shouts!
The gnoll hits you from afar with a +0 spear!
The gnoll hits you with a +0 spear.
You die...

#. #......##.....#...
#. #...###...........
#. #.....+...........
#. #...###...........
#. #.................
#. #...####..........
##.##...######......##
#..gg.......##......##
#.g##@..###.#.........
#.. #.### .#. #.g #.#
#. #.. #.# ... #.. ...
.. #.g ### #..


You could see 2 gnolls.

Vanquished Creatures
  2 gnolls
  9 bats
  5 endoplasms
  A giant cockroach (D:1)
  5 goblins
  2 hobgoblins (D:1)
  3 jackals (D:1)
  7 kobolds
  6 ball pythons
  A frilled lizard (D:1)
  5 rats
46 creatures vanquished.

Notes
Turn   | Place    | Note
-------+----------+-------------------------------------------
     0 | D:1      | qw the Tengu Warper began the quest for the Orb.
     0 | D:1      | Reached XP level 1. HP: 12/12 MP: 4/4
     0 | D:1      | 0 ||| qw: Version: 0.1-a-89-g26bdef1
     0 | D:1      | 0 ||| qw: Game counter: 824
     0 | D:1      | 0 ||| qw: Always use a shield: true
     0 | D:1      | 0 ||| qw: God list: Okawaru
     0 | D:1      | 0 ||| qw: Allow faded altars: false
     0 | D:1      | 0 ||| qw: Do Orc after D:15 true
     0 | D:1      | 0 ||| qw: Do second Lair branch before Depths: true
     0 | D:1      | 0 ||| qw: Lair rune preference: random
     0 | D:1      | 0 ||| qw: Plans: Normal
     0 | D:1      | 0 ||| PLANNING D:1-11
   146 | D:1      | Reached XP level 2. HP: 17/17 MP: 6/6
   158 | D:1      | 158 ||| Stepping ~*~*~tactically~*~*~ (stealth).
   159 | D:1      | 159 ||| Stepping ~*~*~tactically~*~*~ (stealth).
   164 | D:1      | Reached skill level 3 in Axes
   285 | D:1      | Found Mextith's Book Shoppe.
   488 | D:1      | Reached XP level 3. HP: 13/21 MP: 7/7
   611 | D:1      | Reached skill level 4 in Axes
  1293 | D:1      | 1293 ||| UPGRADING to +6 ring of dexterity.
  1294 | D:1      | 1294 ||| READING scroll labelled DEICVA BOVIC.
  1295 | D:1      | 1295 ||| READING scroll labelled REDIKO WECW.
  1296 | D:1      | 1296 ||| READING scroll labelled ILEAHU WILLO.
  1297 | D:1      | 1297 ||| DROPPING scroll of blinking.
  1489 | D:2      | Reached XP level 4. HP: 26/26 MP: 8/8
  1561 | D:2      | 1561 ||| Stepping ~*~*~tactically~*~*~ (hiding).
  1663 | D:2      | 1663 ||| Stepping ~*~*~tactically~*~*~ (stealth).
  1665 | D:2      | 1665 ||| Stepping ~*~*~tactically~*~*~ (stealth).
  1666 | D:2      | 1666 ||| Stepping ~*~*~tactically~*~*~ (stealth).
  1674 | D:2      | HP: 1/26 [gnoll/+0 spear (8)]
  1674 | D:2      | Slain by a gnoll

Levels and vault maps discovered:
D:1:      minmay_arrival_five_plusses, layout_loops_corners, serial_shops,
          nicolae_shop_stone
D:2:      layout_basic, basic_altar, ebering_ecumenical_altar_sacrificial

Skill      XL: |  1  2  3 |
---------------+----------+-----
Axes           | 3 4 |  4.8
Fighting       | |  2.0
Throwing       | |  1.0
Armour         | |  1.1
Dodging        | |  2.1
Spellcasting   | |  2.0
Translocations | |  2.4

Action                   |  1- 3 |  4- 6 || total
-------------------------+-------+-------++-------
Melee: Hand axe          |    82 |     7 ||    89
       Kick              |    24 |     3 ||    27
       Peck              |     8 |     1 ||     9
Throw: Boomerang         |     7 |       ||     7
  Use: Scroll            |     3 |       ||     3
Armor: Leather armour    |    19 |       ||    19
Dodge: Dodged            |    41 |     3 ||    44

Table legend:
 A = Non-vault XP
 B = Vault XP
 C = Vault XP percentage of total XP
 D = Non-vault monster count
 E = Vault monster count
 F = Vault count percentage of total count
                 A         B        C        D         E       F
            +---------+---------+-------+---------+---------+-------
      Total |      99 |       0 |   0.0 |      46 |       0 |   0.0
            +---------+---------+-------+---------+---------+-------
        D:1 |      68 |       0 |   0.0 |      34 |       0 |   0.0
        D:2 |      31 |       0 |   0.0 |      12 |       0 |   0.0
            +---------+---------+-------+---------+---------+-------
